Map: Backwater LE

Players

dolosus

  • Race: Protoss Protoss
  • League: Gold
  • Spawn Location: 5:00

SideShow - Winner!

  • Race: Protoss Protoss
  • League: Platinum
  • Spawn Location: 11:00

VOD

Have the link to the VOD?

Description

Proxy hatch somehow turns in to skytoss pvp

Time

  • Played on: March 20, 2018, 2:14 p.m.
  • Length: 28:27
Show
View Real Time Build Order
Export as new Build Order

dolosus Protoss 

Build Orders: Oracle Opening 

Get SALT Encoding   

  12  0:00  Probe  
  13  0:15  Pylon  
  13  0:18  Probe  
  14  0:30  Probe (Chrono Boost)  
  14  0:35  Gateway  
  15  0:42  Probe (Chrono Boost)  
  16  0:49  Probe (Chrono Boost)  
  17  0:56  Probe (Chrono Boost)  
  17  0:57  Assimilator  
  18  1:08  Probe (Chrono Boost)  
  19  1:17  Probe (Chrono Boost)  
  19  1:18  Pylon  
  20  1:22  Cybernetics Core  
  20  1:27  Probe  
  20  1:28  Assimilator  
  21  1:39  Probe  
  22  1:45  Zealot  
  24  1:51  Probe  
  25  1:56  Gateway  
  25  1:59  Warp Gate  
  25  2:30  Stargate  
  25  2:32  Pylon  
  24  2:37  Probe  
  25  2:48  Stalker (Chrono Boost)  
  29  2:53  Stalker (Chrono Boost)  
  29  3:10  Zealot (Chrono Boost)  
  31  3:12  Oracle (Chrono Boost)  
  31  3:16  Zealot  
  36  3:35  Zealot  
  38  3:50  Pylon  
  38  3:53  Pylon  
  38  4:00  Pylon  
  38  4:08  Oracle, Zealot x2  
  45  4:35  Zealot x2  
  45  4:36  Robotics Facility  
  47  5:01  Forge  
  47  5:02  Zealot x2  
  47  5:06  Pylon  
  51  5:12  Void Ray  
  55  5:29  Zealot  
  55  5:31  Warp Prism (Chrono Boost)  
  59  5:46  Twilight Council  
  59  5:51  Pylon  
  59  5:55  Photon Cannon  
  59  5:56  Protoss Ground Weapons Level 1  
  59  6:23  Charge  
  59  6:43  Zealot  
  59  6:44  Zealot  
  63  6:50  Shield Battery  
  63  6:54  Nexus  
  63  7:21  Fleet Beacon  
  54  7:41  Probe  
  51  7:53  Probe  
  52  8:14  Tempest (Chrono Boost)  
  58  8:20  Probe  
  58  8:23  Probe  
  60  8:35  Probe  
  61  8:47  Probe (Chrono Boost)  
  62  8:58  Probe (Chrono Boost)  
  63  9:03  Probe (Chrono Boost)  
  64  9:15  Probe  
  59  9:19  Tempest (Chrono Boost)  
  65  9:27  Probe  
  66  9:39  Probe  
  67  9:52  Probe  
  68  10:04  Tempest (Chrono Boost), Probe  
  75  10:16  Probe  
  75  10:18  Assimilator  
  76  10:21  Probe  
  76  10:22  Assimilator  
  76  10:25  Pylon  
  76  10:28  Probe  
  78  10:40  Probe (Chrono Boost)  
  79  10:52  Probe (Chrono Boost)  
  80  10:58  Probe (Chrono Boost)  
  81  11:05  Tempest (Chrono Boost), Protoss Air Weapons Level 1  
  81  11:06  Probe  
  88  11:18  Probe  
  83  11:30  Probe  
  84  11:38  Tempest (Chrono Boost)  
  84  11:43  Probe  
  91  11:55  Mothership, Probe  
  101  12:15  Probe  
  101  12:18  Pylon  
  101  12:21  Pylon  
  101  12:23  Pylon  
  101  12:27  Probe  
  102  12:32  Nexus  
  102  12:33  Pylon  
  102  12:34  Tempest (Chrono Boost)  
  102  12:36  Pylon  
  108  13:09  Tempest  
  108  13:11  Photon Cannon  
  114  13:14  Photon Cannon  
  114  13:16  Pylon  
  114  13:20  Pylon  
  114  13:29  Assimilator  
  114  13:38  Probe  
  115  13:50  Probe  
  116  14:01  Tempest  
  123  14:02  Probe  
  123  14:05  Stargate  
  123  14:10  Stargate  
  123  14:13  Stargate  
  123  14:14  Probe  
  124  14:27  Probe  
  125  14:37  Probe  
  126  14:39  Probe  
  126  14:43  Tempest  
  133  14:49  Probe  
  133  14:51  Probe  
  135  15:01  Probe  
  135  15:03  Probe  
  137  15:17  Probe  
  137  15:18  Probe  
  139  15:25  Tempest x2  
  139  15:26  Protoss Air Weapons Level 2 (Chrono Boost), Tempest x2  
  139  15:27  Graviton Catapult  
  163  15:30  Probe x2  
  165  15:42  Probe x2  
  167  15:47  Assimilator  
  166  15:54  Probe x2  
  167  16:00  Zealot x2  
  161  16:06  Probe x2  
  147  16:33  Nexus  
  147  16:36  Assimilator  
  143  16:40  Assimilator  
  143  16:45  Pylon  
  134  16:47  Pylon  
  134  16:48  Pylon  
  124  17:12  Carrier x2  
  135  17:34  Photon Cannon  
  135  17:35  Protoss Air Armor Level 1  
  135  17:37  Photon Cannon  
  128  18:15  Probe  
  129  19:33  Nexus  
  129  19:50  Pylon  
  121  20:24  Photon Cannon  
  103  21:02  Assimilator  
  103  21:06  Assimilator  
  103  21:15  Pylon  
  103  21:17  Shield Battery  
  103  21:18  Shield Battery  
  103  21:49  Shield Battery  
  103  21:50  Shield Battery  
  103  21:52  Shield Battery  
  103  21:55  Void Ray  
  103  21:56  Void Ray  
  111  22:09  Void Ray  
  115  22:22  Void Ray  
  119  23:16  Nexus  
  119  23:19  Pylon  
  119  23:20  Pylon  
  119  23:22  Pylon  
  119  23:45  Void Ray x3  
  125  24:00  Shield Battery  
  125  24:01  Shield Battery  
  125  24:03  Shield Battery  
  117  24:19  Void Ray  
  121  24:25  Shield Battery  
  121  24:28  Assimilator  
  122  24:31  Probe  
  122  24:38  Probe  
  122  24:41  Probe  
  122  24:43  Probe  
  119  24:51  Probe  
  116  24:54  Probe  
  116  24:55  Probe  
  110  25:07  Shield Battery  
  110  25:08  Void Ray  
  110  25:09  Shield Battery  
  110  25:13  Shield Battery, Probe x2  
  110  25:14  Probe  
  117  25:20  Assimilator  
  117  25:24  Protoss Air Armor Level 2  
  117  25:28  Probe  
  117  25:29  Probe x2  
  120  25:41  Probe x2  
  120  25:42  Observer  
  123  25:50  Void Ray  
  117  26:34  Void Ray  
  117  26:35  Void Ray  
  117  26:37  Probe x3  
  128  26:40  Pylon  
  128  26:42  Pylon  
  122  26:49  Probe  
  123  26:57  Observer  
  118  27:38  Observer  
  118  27:39  Void Ray  
  118  27:40  Void Ray x3  
  135  27:52  Nexus  
  135  27:54  Pylon  
  135  27:56  Pylon  
  123  27:59  Assimilator  
  123  28:02  Assimilator  
Show
View Real Time Build Order
Export as new Build Order

SideShow Protoss - Winner!

Build Orders: Nexus First 

Get SALT Encoding   

  12  0:13  Pylon  
  12  0:15  Probe  
  13  0:52  Nexus  
  13  1:01  Pylon  
  13  1:13  Forge  
  13  1:18  Probe  
  14  1:30  Probe  
  15  1:42  Probe  
  16  1:53  Photon Cannon  
  16  1:54  Probe  
  16  1:56  Pylon  
  17  2:04  Probe  
  17  2:06  Probe  
  19  2:15  Photon Cannon  
  19  2:16  Probe  
  19  2:20  Photon Cannon  
  20  2:27  Pylon  
  20  2:30  Probe (Chrono Boost)  
  20  2:33  Probe (Chrono Boost)  
  22  2:52  Probe  
  22  2:53  Probe (Chrono Boost), Photon Cannon  
  22  2:57  Assimilator  
  24  3:01  Gateway  
  24  3:18  Pylon  
  24  3:21  Photon Cannon  
  24  3:24  Photon Cannon  
  24  3:33  Probe (Chrono Boost)  
  26  3:41  Probe (Chrono Boost), Photon Cannon  
  26  3:43  Assimilator  
  26  3:50  Zealot  
  26  3:54  Probe (Chrono Boost)  
  29  4:06  Photon Cannon  
  29  4:07  Photon Cannon  
  29  4:09  Probe  
  28  4:20  Zealot  
  24  4:31  Pylon  
  20  4:46  Pylon  
  20  4:51  Probe (Chrono Boost)  
  21  4:58  Probe (Chrono Boost)  
  22  5:12  Photon Cannon  
  22  5:20  Probe x2 (Chrono Boost)  
  23  5:25  Probe (Chrono Boost)  
  23  5:27  Probe (Chrono Boost)  
  24  5:40  Photon Cannon  
  24  5:44  Zealot  
  27  5:50  Probe (Chrono Boost)  
  27  5:51  Probe (Chrono Boost)  
  29  6:05  Probe x2 (Chrono Boost)  
  29  6:06  Cybernetics Core  
  30  6:15  Zealot  
  33  6:18  Probe (Chrono Boost)  
  33  6:20  Probe (Chrono Boost)  
  34  6:29  Probe (Chrono Boost)  
  34  6:30  Probe (Chrono Boost)  
  36  6:33  Probe (Chrono Boost)  
  36  6:37  Probe  
  38  6:45  Probe  
  39  6:48  Photon Cannon  
  39  6:54  Photon Cannon  
  39  7:03  Forge  
  39  7:05  Photon Cannon  
  39  7:10  Shield Battery  
  39  7:23  Stalker  
  39  7:24  Shield Battery  
  39  7:25  Probe x2 (Chrono Boost)  
  43  7:34  Probe (Chrono Boost)  
  43  7:35  Probe (Chrono Boost)  
  45  7:39  Probe (Chrono Boost)  
  45  7:40  Probe (Chrono Boost)  
  47  7:48  Photon Cannon  
  47  7:52  Probe  
  47  7:54  Protoss Ground Armor Level 1  
  47  7:56  Photon Cannon  
  45  8:14  Probe (Chrono Boost)  
  45  8:16  Photon Cannon x2  
  47  8:21  Probe (Chrono Boost)  
  47  8:25  Probe (Chrono Boost)  
  48  8:27  Probe (Chrono Boost)  
  48  8:30  Probe (Chrono Boost)  
  48  8:32  Stalker  
  52  8:35  Probe  
  52  8:39  Shield Battery  
  52  8:40  Warp Gate (Chrono Boost)  
  53  8:41  Probe  
  53  8:47  Probe  
  55  8:48  Gateway  
  55  9:02  Stalker  
  57  9:12  Shield Battery  
  57  9:13  Shield Battery, Probe x2  
  57  9:15  Shield Battery  
  58  9:18  Shield Battery  
  58  9:24  Shield Battery, Photon Cannon  
  58  9:30  Probe  
  59  9:32  Stalker  
  61  9:58  Probe  
  58  10:06  Gateway  
  58  10:11  Gateway  
  58  10:12  Gateway  
  58  10:13  Gateway  
  58  10:16  Photon Cannon  
  58  10:18  Photon Cannon  
  58  10:19  Photon Cannon  
  58  10:21  Photon Cannon  
  58  10:22  Photon Cannon  
  58  10:37  Pylon  
  58  10:51  Twilight Council  
  58  10:57  Stalker, Assimilator  
  58  10:58  Stalker  
  58  10:59  Nexus  
  62  11:11  Shield Battery  
  62  11:16  Shield Battery  
  62  11:18  Stalker x3, Pylon  
  62  11:19  Stalker  
  68  11:31  Pylon  
  68  11:37  Stalker x2  
  70  11:43  Blink  
  70  11:53  Templar Archives  
  68  11:54  Stalker  
  68  11:55  Stalker  
  64  12:12  Photon Cannon  
  62  12:16  Photon Cannon  
  62  12:18  Probe x2 (Chrono Boost)  
  62  12:19  Probe (Chrono Boost)  
  62  12:22  Stalker  
  67  12:23  Stalker x2  
  71  12:42  Psionic Storm  
  65  12:45  High Templar  
  65  12:46  High Templar x4  
  73  12:55  Stalker  
  75  13:02  Archon x2  
  75  13:13  Probe x2  
  75  13:19  Assimilator  
  77  13:20  High Templar  
  77  13:22  Zealot x3  
  77  13:23  Zealot x2  
  77  13:24  Assimilator  
  89  13:33  Archon  
  89  13:35  Shield Battery  
  85  13:48  Stalker x5  
  85  13:55  Stalker  
  81  14:08  Robotics Facility  
  81  14:13  Stalker x2  
  81  14:17  Photon Cannon  
  75  14:28  Stalker x3  
  75  14:29  Stalker  
  77  14:33  Probe x3  
  78  14:45  Stalker x2  
  80  14:56  Observer (Chrono Boost)  
  73  15:08  Stalker  
  73  15:09  Stalker x5  
  85  15:31  Probe x3  
  85  15:33  Nexus  
  85  15:35  Assimilator  
  88  15:39  Assimilator  
  88  15:42  Pylon  
  88  15:43  Pylon  
  88  15:45  Pylon  
  86  15:57  Stalker  
  86  15:58  Stalker x3  
  87  16:24  Stalker x5  
  95  16:30  Gateway  
  95  16:32  Gateway  
  91  16:34  Gateway x2  
  91  16:48  High Templar x2  
  91  16:49  High Templar x3  
  101  17:02  Probe x3  
  101  17:03  Archon x2  
  104  17:14  Probe  
  105  17:19  Probe x2  
  107  17:23  Forge  
  107  17:28  Probe  
  108  17:31  Probe  
  109  17:39  Pylon  
  109  17:43  Pylon  
  108  17:45  Pylon  
  108  18:03  Pylon  
  108  18:05  High Templar x4  
  116  18:13  Pylon  
  116  18:16  Archon, Pylon  
  116  18:17  Archon  
  116  18:18  Pylon  
  116  18:21  Pylon  
  116  18:34  High Templar x2  
  116  18:35  High Templar x3  
  116  18:39  Archon  
  116  18:40  Archon  
  126  18:44  Nexus  
  126  18:45  Pylon  
  126  18:46  Assimilator, Pylon  
  126  18:48  Protoss Ground Armor Level 2  
  126  18:52  High Templar x2  
  130  18:56  Probe x3  
  133  19:05  Stalker x2  
  137  19:15  Archon x2  
  137  19:19  High Templar x2  
  137  19:23  Archon  
  141  19:28  Stalker x3  
  147  19:32  Probe x2  
  149  19:40  Warp Prism  
  151  19:47  Zealot  
  151  19:48  Zealot x3  
  145  20:06  Stalker  
  129  20:07  Stalker x5  
  131  20:25  Stalker x3  
  111  20:44  Nexus  
  111  20:46  Assimilator, Pylon  
  111  20:47  Assimilator  
  111  20:48  Stalker x3  
  111  20:49  Stalker x6, Pylon  
  111  20:55  Probe  
  111  20:56  Probe  
  111  20:59  Assimilator  
  111  21:00  Protoss Ground Weapons Level 1 (Chrono Boost)  
  111  21:13  High Templar x2  
  111  21:15  Zealot  
  111  21:16  Zealot x6  
  129  21:24  Probe  
  130  21:36  High Templar  
  130  21:37  High Templar x2  
  136  21:44  Zealot  
  136  21:45  Zealot x5  
  148  21:47  Archon x2  
  148  21:52  Gateway  
  148  21:55  Gateway  
  148  21:56  Gateway  
  148  22:02  Gateway x2  
  148  22:05  High Templar  
  148  22:06  High Templar x2, Gateway x2  
  154  22:11  High Templar  
  156  22:16  Archon  
  156  22:17  Charge  
  156  22:27  Probe (Chrono Boost)  
  157  22:31  High Templar x2  
  159  22:57  Stalker x2  
  159  22:58  Stalker x4  
  169  23:00  Archon  
  145  23:25  Stalker  
  145  23:26  Stalker x7  
  141  23:27  Stalker  
  109  23:46  Protoss Ground Weapons Level 2 (Chrono Boost)  
  91  23:57  Stalker x3  
  91  23:58  Stalker x6  
  108  24:05  Stalker x3  
  108  24:06  Stalker x4  
  106  24:24  Stalker x5  
  106  24:25  Stalker x4  
  124  24:34  Stalker  
  124  24:35  Stalker x2  
  130  24:39  Probe x3  
  107  25:01  Stalker x4  
  107  25:02  Stalker x2  
  119  25:10  Stalker x3  
  119  25:13  Probe x2  
  127  25:14  Probe  
  128  25:23  Stalker x2  
  132  25:28  Stalker x2  
  134  25:37  Protoss Ground Weapons Level 3 (Chrono Boost)  
  134  25:44  Stalker  
  134  25:45  Stalker x3  
  142  25:54  Stalker  
  142  25:55  Stalker x2  
  144  26:01  Stalker x2  
  144  26:03  Probe  
  144  26:04  Probe x2  
  143  26:11  Stalker x2  
  133  26:21  Stalker x4  
  137  26:26  Probe x2  
  137  26:31  Stalker x2  
  141  26:41  High Templar  
  141  26:42  High Templar x8  
  141  26:47  Archon x4  
  153  26:52  Stalker x3  
  157  27:07  Stalker x3  
  161  27:12  Probe x3  
  154  27:29  Stalker x2  
  152  27:30  Stalker x3  
  154  27:40  Stalker  
  156  27:46  Nexus  
  142  27:59  Stalker x2  
  142  28:00  Stalker x4  
  142  28:18  Stalker  
  142  28:19  Stalker x6  
Tags
 
Add a new tag
Caveats
  • Supply blocks, unpowered buildings, or Contaminate may cause inaccurate times.
  • Supply counts are checked every 10 seconds.